 Dungeon Crawl Stone Soup version 0.12.3 (webtiles) character file.

368 Chiseanne the Ducker (level 6, 0/54 HPs)
             Began as an Ogre Fire Elementalist on Sept 27, 2013.
             Killed from afar by an orc wizard (4 damage)
             ... with a magic dart
             ... on Level 3 of the Dungeon.
             The game lasted 00:16:03 (4160 turns).

Chiseanne the Ducker (Ogre Fire Elementalist)       Turns: 4160, Time: 00:16:03

HP   0/54        AC  3     Str 14      XL: 6   Next: 21%
MP   3/11        EV 14     Int 16      God:
Gold 100         SH  0     Dex 12      Spells:  4 memorised,  0 levels left

Res.Fire  : . . .   See Invis. : .   p - -1,+0 orc trident
Res.Cold  : . . .   Warding    : .   a - +0 robe
Life Prot.: . . .   Conserve   : +   (shield restricted)
Res.Poison: .       Res.Corr.  : .   (helmet restricted)
Res.Elec. : .       Clarity    : .   (no cloak)
Sust.Abil.: . .     Spirit.Shd : .   (gloves unavailable)
Res.Mut.  : .       Stasis     : .   (boots unavailable)
Res.Rott. : .       Ctrl.Telep.: .   j - cursed amulet of conservation {unknown}
Saprovore : + . .   Flight     : .   e - +3 ring of evasion
                                     n - +2 ring of dexterity

@: slightly resistant to hostile enchantments, unstealthy
A: unfitting armour, fast metabolism 1, saprovore 1, tough skin 1
a: no special abilities


You were on level 3 of the Dungeon.
You were not hungry.

You visited 1 branch of the dungeon, and saw 3 of its levels.

You collected 80 gold pieces.

Inventory:

Hand weapons
 d - a +0,+1 sling
 p - a -1,+0 orcish trident (weapon)
Missiles
 i - 19 darts (quivered)
 l - 22 sling bullets
 o - an exploding dart
Armour
 a - a +0 robe (worn)
Comestibles
 c - 3 meat rations
Scrolls
 m - a scroll of fear
Jewellery
 e - a +3 ring of evasion (right hand)
 j - a cursed amulet of conservation (around neck) {unknown}
 n - a +2 ring of dexterity (left hand)
Potions
 h - a potion of curing
 k - a potion of restore abilities
Books
 b - a book of Flames

   Spells                             Type                      Level
   *Flame Tongue                      Conjuration/Fire             1
   *Throw Flame                       Conjuration/Fire             2
   *Conjure Flame                     Conjuration/Fire             3
   *Inner Flame                       Hexes/Fire                   3
   Sticky Flame                       Conjuration/Fire             4
   Fireball                           Conjuration/Fire             5


   Skills:
 * Level 2.5 Fighting
   Level 1.0 Maces & Flails
 * Level 0.4 Polearms
 * Level 2.5 Throwing
 * Level 3.2 Dodging
 - Level 1.5 Stealth
 * Level 2.1 Spellcasting
 * Level 1.1 Conjurations
 * Level 3.1 Fire Magic


You couldn't memorise any spells.
You knew the following spells:

 Your Spells              Type           Power        Failure   Level  Hunger
a - Flame Tongue          Conj/Fire      ##....       10%         1    #......
b - Throw Flame           Conj/Fire      ##.....      14%         2    ##.....
c - Conjure Flame         Conj/Fire      ##.......    28%         3    ####...
d - Inner Flame           Hex/Fire       ##.......    34%         3    ####...


Dungeon Overview and Level Annotations

Branches:
Dungeon (3/27)

Altars:


Innate Abilities, Weirdness & Mutations

You are too large for most types of armour.
You have a fast metabolism.
You can tolerate rotten meat.
You have tough skin (AC +1).


Message History

The orc wizard points at you and mumbles some strange words.
The magic dart hits you!
Drink which item? (? for menu, Esc to quit)
Okay, then.
The orc wizard closely misses you.
The orc wizard hits you with an orcish dagger.
The orc wizard hits you but does no damage.
The orc wizard mumbles some strange words.
The orc wizard blinks!
The kobold barely misses you.
The orc shouts loudly, as Orcs often do.
The orc wizard points at you and mumbles some strange words.
The magic dart hits you!
* * * LOW HITPOINT WARNING * * *
The orc wizard gestures at you while chanting.
The magic dart hits you!
* * * LOW HITPOINT WARNING * * *
The orc wizard gestures at you while chanting.
The magic dart hits you!
You die...

.#######...#.....#........#####.#
.#.......#.)..............+......
.#.......#.###............#####..
.........+......#................
.........#...o.....##.#.#######.#
###'###......o......#.#...#...#.#
..........o...K.......#.#.#..##.#
#.....#.........###...........#.#
#.....#.........@.#...#.#.###.#.#
#...............#.#...#.#.# #.#.#
....#.....#.....#.#.#...#.# #....
#####.....###.###.#.#.....# ###.#
..........###.###.#.#.#########5#
#####.........#...#.#...........#
..........#####.###.#.###########
....###........(###.#.#
#...................#.#


You could see an orc wizard, 2 orcs and a kobold.

Vanquished Creatures
  An ogre zombie (D:3)
  A crimson imp (D:3)
  A scorpion (D:3)
  An orc wizard (D:3)
  7 adders
  A giant mite (D:2)
  3 worms
  4 giant geckos
  2 oozes
  3 orcs (D:3)
  4 bats
  4 giant cockroaches
  7 goblins
  4 hobgoblins
  A kobold (D:2)
  A quokka (D:3)
  3 ball pythons
  A giant newt (D:3)
  11 rats
60 creatures vanquished.

Vanquished Creatures (others)
  2 giant newts
2 creatures vanquished.

Grand Total: 62 creatures vanquished

Notes
Turn   | Place    | Note
--------------------------------------------------------------
     0 | D:1      | Chiseanne, the Ogre Fire Elementalist, began the quest for the Orb.
     0 | D:1      | Reached XP level 1. HP: 16/16 MP: 3/3
   399 | D:1      | Reached XP level 2. HP: 24/24 MP: 4/4
   409 | D:1      | Learned a level 2 spell: Throw Flame
   826 | D:2      | Reached skill level 1 in Fighting
   826 | D:2      | Reached skill level 1 in Throwing
   826 | D:2      | Reached XP level 3. HP: 21/31 MP: 1/6
  1370 | D:2      | Reached XP level 4. HP: 33/39 MP: 1/7
  2400 | D:3      | Reached skill level 1 in Conjurations
  2674 | D:3      | Reached XP level 5. HP: 46/46 MP: 7/9
  3310 | D:3      | HP: 1/46 [crimson imp (2)]
  3725 | D:3      | Reached skill level 1 in Maces & Flails
  3725 | D:3      | Reached skill level 3 in Dodging
  3926 | D:3      | Reached XP level 6. HP: 25/54 MP: 9/11
  4003 | D:3      | Learned a level 3 spell: Conjure Flame
  4007 | D:3      | Learned a level 3 spell: Inner Flame
  4160 | D:3      | Killed from afar by an orc wizard

Action                   |  1- 3 |  4- 6 || total
-------------------------+-------+-------++-------
Melee: Unarmed           |    19 |       ||    19
       Whip              |     5 |       ||     5
       Club              |    22 |   168 ||   190
       Trident           |       |    11 ||    11
Throw: Dart              |     6 |    44 ||    50
       Club              |       |     2 ||     2
 Cast: Flame Tongue      |    36 |    52 ||    88
       Throw Flame       |       |     3 ||     3
       Conjure Flame     |       |     1 ||     1
  Use: Scroll            |     4 |     3 ||     7
       Potion            |     3 |     5 ||     8
 Stab: Sleeping          |     1 |     2 ||     3
